General information
- name: BNet
- type: Ladder team game (AT/RT)
- host: Battle.net
- saver: butter15
map: UpperKingdom
- players: 6
- length: 46:23
- speed: Fast
- version: 1.28 W3XP
- replay type:

» download(547 KB)
Players
team 1 (winner)
butter15 (
orange | 141 APM | 6559 actions | 46:23)
8 Blademaster
3 Wind Walk
3 Critical Strike
1 Bladestorm
1 Mirror Image
» actions
| Assign group hotkey | 17 | |
| Basic commands | 17 | |
| Build / train | 71 | |
| Enter build submenu | 74 | |
| Enter hero's abilities submenu | 8 | |
| Give item / drop item | 4 | |
| Right click | 5235 | |
| Select / deselect | 430 | |
| Select group hotkey | 245 | |
| Use ability | 458 | |
6559 total
» units
» upgrades
| Ranged Weapons | 3 | |
| Liquid Fire | 1 | |
| Reinforced Defenses | 1 | |
| Armor | 2 | |
| Envenomed Spears | 1 | |
| Troll Regeneration | 1 | |
9 total
» buildings
| Altar of Storms | 1 | |
| Orc Burrow | 4 | |
| War Mill | 1 | |
| Watch Tower | 77 | |
| Voodoo Lounge | 4 | |
| Stronghold | 2 | |
| Fortress | 1 | |
| Beastiary | 2 | |
| Barracks | 1 | |
93 total
» build order
00:08 Altar of Storms
00:22 Orc Burrow
00:35 War Mill
01:47 Watch Tower
02:07 Watch Tower
02:41 Watch Tower
03:07 Voodoo Lounge
03:20 Watch Tower
03:22 Stronghold
03:22 Stronghold
03:38 Voodoo Lounge
04:09 Orc Burrow
04:21 Voodoo Lounge
04:24 Voodoo Lounge
04:27 Watch Tower
04:42 Watch Tower
04:43 Watch Tower
04:45 Watch Tower
06:08 Fortress
06:12 Beastiary
06:13 Beastiary
06:16 Orc Burrow
06:39 Watch Tower
07:08 Watch Tower
07:49 Watch Tower
07:53 Watch Tower
09:51 Watch Tower
09:55 Watch Tower
09:59 Watch Tower
10:17 Orc Burrow
11:15 Watch Tower
11:17 Watch Tower
12:55 Watch Tower
14:07 Watch Tower
14:08 Watch Tower
16:00 Watch Tower
16:00 Watch Tower
16:00 Watch Tower
16:01 Watch Tower
16:02 Watch Tower
16:02 Watch Tower
16:41 Watch Tower
16:50 Watch Tower
16:51 Watch Tower
18:27 Watch Tower
18:28 Watch Tower
18:28 Watch Tower
18:33 Watch Tower
18:34 Watch Tower
18:34 Watch Tower
18:34 Watch Tower
18:35 Watch Tower
18:41 Watch Tower
18:42 Watch Tower
18:43 Watch Tower
22:01 Watch Tower
22:05 Watch Tower
22:06 Watch Tower
22:12 Watch Tower
22:13 Watch Tower
22:47 Watch Tower
22:47 Watch Tower
23:03 Watch Tower
24:02 Watch Tower
24:02 Watch Tower
24:05 Watch Tower
24:06 Watch Tower
24:07 Watch Tower
24:10 Watch Tower
24:10 Watch Tower
24:11 Watch Tower
24:39 Watch Tower
25:59 Watch Tower
26:00 Watch Tower
33:35 Watch Tower
33:35 Watch Tower
33:35 Watch Tower
33:36 Watch Tower
33:36 Watch Tower
33:36 Watch Tower
33:37 Watch Tower
34:38 Watch Tower
34:39 Watch Tower
34:40 Watch Tower
34:58 Watch Tower
34:58 Watch Tower
34:59 Watch Tower
35:00 Watch Tower
35:00 Watch Tower
35:02 Watch Tower
35:03 Watch Tower
35:03 Watch Tower
41:37 Barracks
» items
| Healing Salve | 2 | |
| Lesser Clarity Potion | 5 | |
| Orb of Lightning | 1 | |
8 total
mata (
yellow | 131 APM | 6081 actions | 46:21)
6 Archmage
3 Blizzard
2 Brilliance Aura
1 Mass Teleport
5 Mountain King
3 Storm Bolt
2 Bash
4 Paladin
2 Holy Light
2 Divine Shield
» actions
| Assign group hotkey | 147 | |
| Basic commands | 29 | |
| Build / train | 270 | |
| ESC pressed | 2 | |
| Enter build submenu | 145 | |
| Enter hero's abilities submenu | 15 | |
| Give item / drop item | 4 | |
| Right click | 2783 | |
| Select / deselect | 1696 | |
| Select group hotkey | 527 | |
| Use ability | 463 | |
6081 total
» units
» upgrades
| Masonry | 3 | |
| Lumber Harvesting | 2 | |
| Magic Sentry | 1 | |
| Animal War Training | 1 | |
| Armor | 3 | |
| Swords | 3 | |
| Priest Training | 1 | |
| Fragmentation Shards | 1 | |
15 total
» buildings
| Altar of Kings | 1 | |
| Farm | 4 | |
| Scout Tower | 224 | |
| Lumber Mill | 2 | |
| Arcane Tower | 8 | |
| Guard Tower | 155 | |
| Town Hall | 2 | |
| Keep | 2 | |
| Castle | 1 | |
| Arcane Vault | 3 | |
| Arcane Sanctum | 1 | |
| Gryphon Aviary | 5 | |
| Barracks | 1 | |
| Blacksmith | 1 | |
| Workshop | 1 | |
| Cannon Tower | 15 | |
426 total
» build order
00:05 Altar of Kings
00:19 Farm
00:52 Scout Tower
01:01 Scout Tower
01:03 Scout Tower
01:16 Lumber Mill
01:19 Arcane Tower
01:21 Scout Tower
01:25 Scout Tower
01:34 Arcane Tower
01:34 Arcane Tower
01:37 Arcane Tower
01:37 Arcane Tower
01:38 Scout Tower
02:05 Farm
02:18 Guard Tower
02:18 Guard Tower
02:19 Scout Tower
02:21 Guard Tower
02:21 Guard Tower
02:23 Guard Tower
02:23 Guard Tower
02:26 Scout Tower
02:41 Scout Tower
03:10 Guard Tower
03:11 Scout Tower
03:13 Guard Tower
03:13 Guard Tower
03:14 Scout Tower
03:16 Scout Tower
03:17 Guard Tower
03:17 Guard Tower
03:45 Guard Tower
03:45 Guard Tower
03:46 Scout Tower
03:48 Scout Tower
03:49 Guard Tower
03:49 Guard Tower
03:49 Guard Tower
03:51 Guard Tower
03:51 Guard Tower
03:52 Scout Tower
03:53 Scout Tower
03:58 Farm
04:12 Guard Tower
04:12 Guard Tower
04:13 Scout Tower
04:15 Scout Tower
04:16 Guard Tower
04:16 Guard Tower
04:18 Scout Tower
04:46 Guard Tower
04:46 Guard Tower
04:47 Scout Tower
04:50 Scout Tower
04:51 Guard Tower
04:51 Guard Tower
04:52 Guard Tower
04:52 Guard Tower
05:00 Scout Tower
05:01 Scout Tower
05:01 Guard Tower
05:01 Guard Tower
05:04 Scout Tower
05:06 Scout Tower
05:15 Guard Tower
05:16 Guard Tower
05:18 Scout Tower
05:20 Scout Tower
05:25 Scout Tower
05:26 Scout Tower
05:31 Guard Tower
05:42 Guard Tower
05:42 Guard Tower
05:45 Guard Tower
05:45 Guard Tower
06:24 Guard Tower
06:24 Guard Tower
06:31 Guard Tower
06:32 Guard Tower
06:33 Scout Tower
06:33 Scout Tower
06:36 Scout Tower
06:37 Scout Tower
06:47 Scout Tower
06:48 Scout Tower
07:03 Guard Tower
07:03 Guard Tower
07:05 Scout Tower
07:06 Scout Tower
07:09 Guard Tower
07:09 Guard Tower
07:10 Scout Tower
07:10 Scout Tower
07:27 Scout Tower
07:34 Scout Tower
07:34 Scout Tower
07:36 Guard Tower
07:36 Guard Tower
07:37 Scout Tower
07:38 Scout Tower
07:39 Scout Tower
07:44 Scout Tower
07:44 Scout Tower
07:45 Scout Tower
07:49 Scout Tower
07:49 Scout Tower
07:50 Scout Tower
07:50 Scout Tower
08:19 Guard Tower
08:27 Guard Tower
08:27 Guard Tower
08:27 Guard Tower
08:30 Town Hall
08:39 Guard Tower
08:42 Guard Tower
08:43 Guard Tower
09:04 Scout Tower
09:05 Scout Tower
09:10 Guard Tower
09:10 Guard Tower
09:45 Guard Tower
09:46 Scout Tower
09:47 Scout Tower
09:55 Guard Tower
09:55 Guard Tower
10:09 Keep
10:09 Keep
10:15 Guard Tower
10:15 Guard Tower
10:17 Scout Tower
10:17 Scout Tower
10:18 Scout Tower
10:18 Scout Tower
10:21 Guard Tower
10:21 Guard Tower
10:23 Scout Tower
10:23 Scout Tower
10:24 Scout Tower
10:25 Scout Tower
10:30 Scout Tower
11:04 Guard Tower
11:04 Guard Tower
11:05 Scout Tower
11:09 Scout Tower
11:10 Scout Tower
11:10 Scout Tower
11:11 Scout Tower
11:23 Guard Tower
11:23 Guard Tower
11:35 Guard Tower
11:35 Guard Tower
11:37 Scout Tower
11:38 Scout Tower
11:43 Guard Tower
12:06 Guard Tower
12:09 Scout Tower
12:12 Guard Tower
12:19 Scout Tower
12:31 Scout Tower
12:37 Castle
12:40 Arcane Vault
12:41 Guard Tower
12:41 Guard Tower
12:45 Arcane Vault
12:51 Guard Tower
13:03 Guard Tower
13:03 Guard Tower
13:04 Scout Tower
13:25 Scout Tower
13:25 Scout Tower
13:26 Scout Tower
13:55 Scout Tower
13:56 Scout Tower
13:57 Scout Tower
13:57 Scout Tower
13:58 Scout Tower
14:02 Scout Tower
14:03 Scout Tower
14:03 Scout Tower
14:04 Scout Tower
14:11 Guard Tower
14:22 Guard Tower
14:23 Guard Tower
14:31 Guard Tower
14:31 Guard Tower
14:35 Scout Tower
14:35 Scout Tower
14:36 Scout Tower
14:36 Scout Tower
15:02 Guard Tower
15:02 Guard Tower
15:50 Scout Tower
15:50 Scout Tower
15:55 Arcane Vault
15:56 Guard Tower
15:58 Scout Tower
16:12 Scout Tower
16:16 Guard Tower
16:18 Scout Tower
16:23 Guard Tower
16:23 Guard Tower
16:24 Scout Tower
16:24 Scout Tower
16:25 Scout Tower
16:59 Guard Tower
17:13 Arcane Sanctum
17:25 Scout Tower
17:25 Scout Tower
17:51 Guard Tower
18:01 Scout Tower
18:01 Scout Tower
18:02 Scout Tower
18:02 Scout Tower
18:05 Guard Tower
18:05 Guard Tower
18:06 Scout Tower
18:06 Scout Tower
18:07 Guard Tower
18:11 Scout Tower
18:35 Guard Tower
18:36 Scout Tower
18:36 Scout Tower
18:37 Scout Tower
18:37 Scout Tower
18:57 Guard Tower
18:58 Scout Tower
19:02 Scout Tower
19:02 Scout Tower
19:03 Scout Tower
19:04 Scout Tower
19:05 Scout Tower
19:06 Guard Tower
19:07 Guard Tower
19:27 Scout Tower
19:28 Guard Tower
19:28 Guard Tower
19:40 Gryphon Aviary
19:41 Gryphon Aviary
19:42 Gryphon Aviary
19:43 Gryphon Aviary
19:43 Gryphon Aviary
19:53 Scout Tower
19:55 Guard Tower
19:55 Guard Tower
20:22 Guard Tower
20:22 Scout Tower
20:32 Scout Tower
20:33 Scout Tower
20:33 Scout Tower
20:57 Guard Tower
21:02 Scout Tower
21:02 Scout Tower
21:02 Scout Tower
21:02 Scout Tower
21:04 Guard Tower
21:44 Farm
21:53 Scout Tower
21:53 Scout Tower
21:54 Scout Tower
21:54 Scout Tower
21:55 Scout Tower
21:59 Barracks
22:01 Blacksmith
22:07 Scout Tower
22:08 Scout Tower
22:08 Scout Tower
22:09 Scout Tower
22:20 Guard Tower
22:29 Scout Tower
22:29 Scout Tower
22:29 Scout Tower
22:30 Scout Tower
22:30 Scout Tower
22:31 Scout Tower
22:38 Guard Tower
22:38 Guard Tower
22:41 Scout Tower
22:41 Scout Tower
22:41 Scout Tower
22:52 Arcane Tower
22:55 Arcane Tower
22:55 Arcane Tower
22:55 Guard Tower
22:56 Guard Tower
22:56 Guard Tower
22:58 Scout Tower
22:58 Scout Tower
22:59 Scout Tower
23:00 Scout Tower
23:00 Scout Tower
23:01 Scout Tower
23:02 Scout Tower
23:03 Scout Tower
23:03 Scout Tower
23:04 Scout Tower
23:04 Scout Tower
23:05 Scout Tower
23:08 Guard Tower
23:08 Guard Tower
23:09 Scout Tower
23:10 Scout Tower
23:11 Scout Tower
23:11 Scout Tower
23:54 Guard Tower
24:02 Guard Tower
24:02 Guard Tower
25:07 Guard Tower
25:07 Guard Tower
25:07 Guard Tower
25:09 Guard Tower
25:09 Guard Tower
25:50 Scout Tower
27:20 Guard Tower
27:20 Guard Tower
27:21 Scout Tower
27:21 Scout Tower
27:30 Guard Tower
29:13 Guard Tower
30:00 Scout Tower
30:00 Scout Tower
30:32 Scout Tower
30:33 Scout Tower
30:38 Scout Tower
30:39 Scout Tower
30:40 Scout Tower
30:41 Scout Tower
30:42 Scout Tower
31:23 Guard Tower
31:23 Guard Tower
31:23 Guard Tower
32:46 Guard Tower
32:46 Guard Tower
32:50 Scout Tower
32:51 Scout Tower
32:52 Scout Tower
33:39 Guard Tower
33:39 Guard Tower
33:49 Town Hall
35:17 Guard Tower
35:17 Guard Tower
35:54 Guard Tower
38:26 Workshop
38:40 Scout Tower
38:41 Scout Tower
38:42 Scout Tower
38:42 Scout Tower
38:43 Scout Tower
38:44 Scout Tower
38:45 Scout Tower
38:46 Scout Tower
38:46 Scout Tower
38:47 Scout Tower
38:47 Scout Tower
38:48 Scout Tower
39:09 Scout Tower
39:10 Scout Tower
39:11 Scout Tower
39:11 Scout Tower
39:12 Scout Tower
39:12 Scout Tower
39:13 Scout Tower
39:13 Scout Tower
39:14 Scout Tower
39:14 Scout Tower
39:15 Scout Tower
39:15 Scout Tower
39:22 Guard Tower
39:22 Guard Tower
39:34 Cannon Tower
39:34 Cannon Tower
39:34 Cannon Tower
39:40 Guard Tower
39:40 Guard Tower
40:32 Cannon Tower
40:32 Cannon Tower
40:32 Cannon Tower
40:33 Guard Tower
40:33 Guard Tower
40:33 Guard Tower
40:44 Scout Tower
40:45 Scout Tower
40:47 Scout Tower
40:49 Scout Tower
40:49 Scout Tower
40:50 Scout Tower
41:35 Guard Tower
41:36 Guard Tower
41:36 Guard Tower
41:37 Cannon Tower
41:38 Cannon Tower
41:38 Cannon Tower
42:01 Scout Tower
42:04 Scout Tower
42:12 Guard Tower
42:12 Guard Tower
42:15 Cannon Tower
42:15 Cannon Tower
42:17 Scout Tower
42:19 Scout Tower
42:20 Scout Tower
42:20 Scout Tower
43:26 Guard Tower
43:26 Guard Tower
43:27 Guard Tower
43:27 Guard Tower
43:31 Guard Tower
43:31 Guard Tower
43:32 Guard Tower
43:32 Cannon Tower
43:32 Cannon Tower
43:50 Lumber Mill
43:53 Cannon Tower
43:54 Cannon Tower
44:51 Scout Tower
44:51 Scout Tower
44:51 Scout Tower
44:52 Scout Tower
44:52 Scout Tower
45:50 Guard Tower
45:50 Guard Tower
45:51 Scout Tower
45:52 Scout Tower
45:52 Scout Tower
45:54 Scout Tower
45:55 Scout Tower
» items
| Healing Salve | 3 | |
| Orb of Lightning | 2 | |
| Potion of Healing | 1 | |
| Staff of Sanctuary | 3 | |
| Scroll of Town Portal | 2 | |
11 total
towersatnoon (
pink | 93 APM | 4315 actions | 46:21)
6 Warden
3 Shadow Strike
3 Blink
5 Pandaren Brewmaster
3 Breath of Fire
2 Drunken Brawler
» actions
| Assign group hotkey | 11 | |
| Basic commands | 49 | |
| Build / train | 85 | |
| ESC pressed | 2 | |
| Enter build submenu | 30 | |
| Enter hero's abilities submenu | 13 | |
| Give item / drop item | 3 | |
| Right click | 2747 | |
| Select / deselect | 297 | |
| Select group hotkey | 769 | |
| Use ability | 309 | |
4315 total
» units
» upgrades
| Ultravision | 1 | |
| Nature's Blessing | 1 | |
| Well Spring | 1 | |
| Strength of the Wild | 3 | |
| Reinforced Hides | 4 | |
| Corrosive Breath | 1 | |
11 total
» buildings
| Altar of Elders | 2 | |
| Moon Well | 18 | |
| Tree of Ages | 3 | |
| Hunter's Hall | 1 | |
| Tree of Life | 4 | |
| Tree of Eternity | 2 | |
| Ancient of Wind | 1 | |
| Chimaera Roost | 4 | |
35 total
» build order
00:03 Altar of Elders
00:12 Moon Well
01:58 Moon Well
04:05 Tree of Ages
04:37 Hunter's Hall
06:09 Tree of Life
08:19 Tree of Eternity
12:46 Moon Well
12:47 Moon Well
13:56 Moon Well
13:57 Moon Well
13:58 Moon Well
13:58 Moon Well
13:59 Moon Well
14:00 Moon Well
14:41 Moon Well
15:05 Moon Well
15:57 Moon Well
15:58 Moon Well
16:00 Moon Well
16:00 Moon Well
17:45 Tree of Life
18:35 Tree of Life
21:54 Tree of Life
25:37 Tree of Ages
28:23 Altar of Elders
29:12 Tree of Ages
31:37 Tree of Eternity
36:43 Moon Well
36:44 Moon Well
38:33 Ancient of Wind
43:57 Chimaera Roost
43:58 Chimaera Roost
43:59 Chimaera Roost
44:00 Chimaera Roost
» items
| Healing Salve | 2 | |
| Lesser Clarity Potion | 3 | |
| Orb of Lightning | 2 | |
| Staff of Sanctuary | 2 | |
| Potion of Mana | 2 | |
11 total
team 2 (loser)
Hoodini (
purple | 140 APM | 6394 actions | 45:44)
5 Mountain King
3 Storm Bolt
1 Bash
1 Thunder Clap
1 Blood Mage
1 Siphon Mana
1 Paladin
1 Holy Light
» actions
| Assign group hotkey | 36 | |
| Basic commands | 26 | |
| Build / train | 123 | |
| ESC pressed | 2 | |
| Enter build submenu | 48 | |
| Enter hero's abilities submenu | 8 | |
| Right click | 2616 | |
| Select / deselect | 1275 | |
| Select group hotkey | 2104 | |
| Use ability | 156 | |
6394 total
» units
| Peasant | 12 | |
| Footman | 4 | |
| Polar Furbolg Shaman | 1 | |
| Knight | 5 | |
| Dragonhawk Rider | 7 | |
| Gryphon Rider | 7 | |
| Siege Engine | 13 | |
49 total
» upgrades
| Lumber Harvesting | 2 | |
| Swords | 2 | |
| Plating | 3 | |
| Masonry | 3 | |
| Animal War Training | 1 | |
| Cloud | 1 | |
| Armor | 3 | |
| Storm Hammers | 1 | |
| Gunpowder | 3 | |
19 total
» buildings
| Farm | 16 | |
| Barracks | 2 | |
| Altar of Kings | 1 | |
| Lumber Mill | 1 | |
| Scout Tower | 15 | |
| Arcane Tower | 3 | |
| Keep | 2 | |
| Town Hall | 2 | |
| Guard Tower | 16 | |
| Castle | 1 | |
| Blacksmith | 1 | |
| Arcane Vault | 1 | |
| Gryphon Aviary | 2 | |
| Workshop | 2 | |
65 total
» build order
00:19 Farm
00:35 Barracks
00:49 Altar of Kings
00:57 Farm
01:36 Farm
02:05 Lumber Mill
02:12 Scout Tower
02:46 Arcane Tower
04:04 Keep
04:04 Keep
05:06 Town Hall
05:10 Scout Tower
05:13 Scout Tower
05:58 Guard Tower
06:00 Scout Tower
06:02 Scout Tower
06:36 Arcane Tower
06:39 Guard Tower
07:07 Castle
07:13 Barracks
07:14 Blacksmith
08:07 Farm
08:22 Farm
08:23 Farm
08:35 Arcane Vault
09:09 Farm
09:10 Farm
10:02 Farm
11:17 Farm
11:18 Farm
11:19 Farm
12:48 Gryphon Aviary
12:52 Gryphon Aviary
13:23 Farm
15:30 Scout Tower
15:32 Scout Tower
16:02 Scout Tower
16:05 Scout Tower
16:06 Guard Tower
16:06 Guard Tower
16:06 Guard Tower
16:40 Guard Tower
16:41 Guard Tower
16:41 Guard Tower
16:43 Scout Tower
17:17 Guard Tower
17:18 Scout Tower
22:01 Guard Tower
22:01 Guard Tower
23:10 Farm
23:57 Farm
24:46 Workshop
28:08 Town Hall
28:11 Scout Tower
28:56 Guard Tower
28:56 Guard Tower
28:57 Scout Tower
29:53 Guard Tower
29:57 Scout Tower
30:28 Guard Tower
30:28 Guard Tower
30:30 Scout Tower
31:45 Arcane Tower
34:47 Workshop
37:40 Farm
» items
| Lesser Clarity Potion | 2 | |
| Scroll of Regeneration | 5 | |
| Scroll of Town Portal | 5 | |
| Potion of Healing | 3 | |
| Orb of Fire | 1 | |
| Potion of Mana | 1 | |
| Staff of Sanctuary | 1 | |
18 total
Karatekas (
red | 78 APM | 3606 actions | 46:20)
4 Mountain King
2 Storm Bolt
2 Bash
2 Paladin
1 Holy Light
1 Divine Shield
» actions
| Assign group hotkey | 61 | |
| Basic commands | 89 | |
| Build / train | 143 | |
| Enter build submenu | 25 | |
| Enter hero's abilities submenu | 6 | |
| Give item / drop item | 3 | |
| Remove unit from queue | 1 | |
| Right click | 1576 | |
| Select / deselect | 456 | |
| Select group hotkey | 1141 | |
| Use ability | 105 | |
3606 total
» units
| Peasant | 17 | |
| Footman | 4 | |
| Rifleman | 8 | |
| Mortar Team | 6 | |
| Flying Machine | 20 | |
| Siege Engine | 14 | |
69 total
» upgrades
| Gunpowder | 3 | |
| Armor | 3 | |
| Long Rifles | 1 | |
| Lumber Harvesting | 2 | |
| Flare | 1 | |
| Masonry | 2 | |
| Flak Cannons | 1 | |
| Flying Machine Bombs | 1 | |
| Plating | 3 | |
| Fragmentation Shards | 0 | |
17 total
» buildings
| Altar of Kings | 1 | |
| Farm | 15 | |
| Barracks | 1 | |
| Scout Tower | 10 | |
| Arcane Tower | 4 | |
| Blacksmith | 1 | |
| Arcane Vault | 1 | |
| Keep | 3 | |
| Lumber Mill | 1 | |
| Workshop | 2 | |
| Town Hall | 2 | |
| Castle | 2 | |
| Guard Tower | 10 | |
| Arcane Sanctum | 1 | |
54 total
» build order
00:13 Altar of Kings
00:21 Farm
00:27 Barracks
00:40 Farm
01:39 Farm
01:42 Scout Tower
02:09 Arcane Tower
02:09 Arcane Tower
02:20 Scout Tower
02:38 Blacksmith
02:48 Arcane Tower
02:48 Arcane Tower
02:52 Arcane Vault
04:19 Keep
04:20 Keep
04:20 Keep
05:19 Farm
05:21 Farm
05:21 Farm
06:15 Lumber Mill
07:05 Workshop
08:06 Farm
08:07 Farm
12:17 Town Hall
14:16 Scout Tower
14:16 Scout Tower
14:17 Scout Tower
14:18 Scout Tower
16:12 Castle
16:12 Castle
22:25 Scout Tower
22:26 Scout Tower
22:27 Scout Tower
22:28 Scout Tower
22:46 Workshop
23:17 Guard Tower
23:17 Guard Tower
23:17 Guard Tower
24:07 Guard Tower
24:08 Guard Tower
24:16 Guard Tower
24:16 Guard Tower
28:36 Town Hall
30:44 Farm
30:44 Farm
30:45 Farm
31:26 Guard Tower
31:26 Guard Tower
31:26 Guard Tower
31:29 Farm
31:30 Farm
31:31 Farm
31:31 Farm
34:26 Arcane Sanctum
» items
| Scroll of Town Portal | 1 | |
| Orb of Fire | 1 | |
| Staff of Sanctuary | 1 | |
| Potion of Healing | 1 | |
| Potion of Mana | 1 | |
5 total
waimea (
teal | 114 APM | 4948 actions | 43:31)
5 Archmage
3 Summon Water Elemental
2 Brilliance Aura
4 Blood Mage
2 Siphon Mana
2 Flame Strike
2 Naga Sea Witch
1 Frost Arrows
1 Forked Lightning
» actions
| Assign group hotkey | 36 | |
| Basic commands | 10 | |
| Build / train | 163 | |
| Enter build submenu | 44 | |
| Enter hero's abilities submenu | 13 | |
| Give item / drop item | 3 | |
| Remove unit from queue | 11 | |
| Right click | 2151 | |
| Select / deselect | 757 | |
| Select group hotkey | 1528 | |
| Use ability | 232 | |
4948 total
» units
| Peasant | 28 | |
| Footman | 6 | |
| Sorceress | 3 | |
| Priest | 2 | |
| Spell Breaker | 1 | |
| Siege Engine | 14 | |
54 total
» upgrades
| Magic Sentry | 1 | |
| Priest Training | 1 | |
| Masonry | 3 | |
| Swords | 1 | |
| Plating | 3 | |
| Sorceress Training | 1 | |
| Barrage | 1 | |
| Lumber Harvesting | 2 | |
| Gunpowder | 3 | |
16 total
» buildings
| Altar of Kings | 1 | |
| Barracks | 1 | |
| Farm | 13 | |
| Scout Tower | 52 | |
| Arcane Tower | 4 | |
| Keep | 3 | |
| Arcane Vault | 1 | |
| Lumber Mill | 1 | |
| Arcane Sanctum | 2 | |
| Guard Tower | 29 | |
| Blacksmith | 1 | |
| Town Hall | 3 | |
| Castle | 2 | |
| Workshop | 2 | |
| Cannon Tower | 3 | |
118 total
» build order
00:22 Altar of Kings
00:37 Barracks
00:50 Farm
01:05 Farm
01:47 Farm
02:32 Scout Tower
02:33 Scout Tower
03:10 Arcane Tower
03:10 Arcane Tower
03:34 Farm
03:35 Arcane Tower
03:36 Arcane Tower
04:04 Keep
04:04 Keep
04:04 Keep
04:18 Arcane Vault
05:30 Scout Tower
06:02 Scout Tower
06:35 Lumber Mill
06:39 Arcane Sanctum
06:48 Arcane Sanctum
07:08 Farm
07:10 Farm
07:58 Guard Tower
07:58 Guard Tower
08:25 Farm
08:27 Farm
12:49 Blacksmith
15:32 Scout Tower
15:33 Scout Tower
15:35 Scout Tower
15:36 Scout Tower
15:37 Scout Tower
15:58 Town Hall
16:00 Scout Tower
16:02 Scout Tower
16:02 Scout Tower
16:03 Scout Tower
16:03 Scout Tower
16:04 Scout Tower
16:06 Scout Tower
16:07 Scout Tower
16:08 Scout Tower
16:08 Scout Tower
18:07 Guard Tower
18:07 Guard Tower
18:07 Guard Tower
18:48 Castle
18:48 Castle
21:54 Workshop
22:07 Workshop
22:38 Scout Tower
22:40 Scout Tower
22:42 Scout Tower
22:45 Scout Tower
22:46 Scout Tower
23:12 Town Hall
23:15 Scout Tower
23:17 Scout Tower
23:18 Scout Tower
23:18 Scout Tower
23:19 Scout Tower
23:21 Scout Tower
23:22 Scout Tower
23:22 Scout Tower
23:24 Scout Tower
23:25 Scout Tower
23:25 Scout Tower
24:16 Guard Tower
24:16 Guard Tower
24:41 Guard Tower
24:41 Guard Tower
25:00 Guard Tower
25:00 Guard Tower
25:05 Guard Tower
25:05 Guard Tower
25:16 Farm
25:38 Guard Tower
25:39 Guard Tower
25:39 Guard Tower
26:05 Farm
26:07 Farm
26:08 Farm
26:18 Guard Tower
27:06 Guard Tower
27:06 Guard Tower
28:00 Farm
28:37 Guard Tower
28:37 Guard Tower
33:05 Scout Tower
33:07 Scout Tower
33:08 Scout Tower
33:08 Scout Tower
33:09 Scout Tower
34:43 Town Hall
34:47 Scout Tower
34:48 Scout Tower
34:49 Scout Tower
34:51 Scout Tower
34:52 Scout Tower
34:52 Scout Tower
34:53 Scout Tower
34:55 Scout Tower
34:56 Scout Tower
34:57 Scout Tower
34:58 Scout Tower
35:00 Scout Tower
35:19 Guard Tower
35:19 Guard Tower
35:59 Guard Tower
35:59 Guard Tower
37:17 Guard Tower
37:17 Guard Tower
37:38 Cannon Tower
38:38 Cannon Tower
38:43 Cannon Tower
41:53 Guard Tower
41:53 Guard Tower
» items
| Lesser Clarity Potion | 3 | |
| Potion of Healing | 4 | |
| Scroll of Town Portal | 1 | |
8 total
Chat log
(00:12 / All) waimea: glglglglglg
(11:07 / All) Hoodini: noob karatekas
(11:08 / All) butter15: enjoy salve :)_
(11:10 / All) Hoodini: ashole
(11:31 / All) Karatekas: h9w you are already behild us all the time? mh?
(11:35 / All) butter15: lol
(21:29 / All) towersatnoon: WHYD YOU DROP ANKH
(24:27 / All) waimea: woooooooooood
(24:30 / All) butter15: sry cant
(25:14 / All) Hoodini: gg guys
(25:16 / All) butter15: lol
(25:17 / All) Hoodini: karatekas is mega noob
(25:21 / All) butter15: so is hoodini
(27:39 / All) waimea: sec
(27:42 / All) waimea: we need to argue
(27:44 / All) butter15: do it in all chat?
(29:13 / All) butter15: karatekas noob?
(29:17 / All) butter15: his words not mine
(29:19 / All) Hoodini: Ofc
(29:23 / All) butter15: hoodini noob?
(29:24 / All) Karatekas: fallowing hoodinis, orders
(29:34 / All) Karatekas: if i fail i am the noob
(29:39 / All) Karatekas: for hoodini
(29:47 / All) Karatekas: he is a "sister man"
(29:54 / All) butter15: what does that mean?
(32:34 / All) butter15: go purp?
(32:38 / All) butter15: meet in mid?
(32:45 / All) Karatekas: man
(32:59 / All) Karatekas: i hate litle fugots
(33:11 / All) Karatekas: like hoodini..he destroy our teamwork
(33:14 / All) Karatekas: all the time
(33:27 / All) Karatekas: i am wating here for about
(33:35 / All) Karatekas: 10 minites to come
(33:38 / All) Karatekas: and help
(33:43 / All) Karatekas: so we can go
(33:47 / All) Hoodini: plz tell karatekas to leave
(33:55 / All) butter15: karatekas you can stay
(33:59 / All) Karatekas: i know man
(34:02 / All) Karatekas: thank you
(39:17 / All) Karatekas: guys
(39:22 / All) Karatekas: i had it
(39:27 / All) Karatekas: i will teamkill
(39:30 / All) Karatekas: with my tanks
(39:31 / All) butter15: no don't
(39:35 / All) butter15: not honorable
(39:44 / All) Karatekas: there is no honor
(39:46 / All) butter15: but please upload your replay of this game to https://highper.ch/
(39:56 / All) butter15: that would be the ultimate deference
(40:06 / All) Karatekas: listen
(40:12 / All) Karatekas: hoodini fuck the game
(40:26 / All) Karatekas: treating me like a noob for HIS advises
(40:41 / All) butter15: dont forget to upload your replay
(40:46 / All) Karatekas: and now he tries to say i am the noob because you kill my peons
(40:48 / All) butter15: HTTPS://HIGHPER.CH/
(40:58 / All) Karatekas: for what? for trolling in skype?
(41:50 / All) Hoodini: gg guys
(41:56 / All) Hoodini: karatekas left with 5 food
(41:59 / All) Hoodini: and 4000 gold
(42:05 / All) Hoodini: like a little baby he is crying
(42:08 / All) towersatnoon: 4000 gold
(42:11 / All) towersatnoon: why are you so poor
(42:11 / All) butter15: upload your replay so we can see him cry
(42:18 / All) Hoodini: i will
(42:22 / All) butter15: thx u
(42:25 / All) Karatekas: Me?
(42:33 / All) butter15: sure
(42:49 / All) Hoodini: nice tact
(43:12 / All) waimea: gg folks
(43:14 / All) butter15: gg
(43:18 / All) butter15: https://highper.ch/
(43:18 / All) Hoodini: karatekas i gona fuck u in the ass
(43:45 / All) towersatnoon: why are you guys so upset.
(43:54 / All) butter15: more like, why aren't you mad at us? we're the bad guys
(43:54 / All) Karatekas: he is tema killing me
(44:04 / All) Karatekas: 11
(44:07 / All) butter15: rude
(44:10 / All) butter15: report him to battle.net
(44:13 / All) butter15: admin@highper.ch
(44:19 / All) Karatekas: I told you he is asshole
(44:30 / All) Karatekas: thanks
(44:34 / All) Karatekas: i will
(44:35 / All) mata: unsportsman like conduct imho
(44:45 / All) butter15: purp why are you doing this?
(44:54 / All) Hoodini: because he didn nothing in the game
(44:55 / All) Karatekas: because he is an asshole..
(45:01 / All) Hoodini: and because i am gonna rape him in real life
(45:08 / All) Karatekas: you see?
(45:38 / All) Karatekas: you know that net bulling
(45:43 / All) butter15: it's not ok
(45:44 / All) Karatekas: is illigal right?
(45:52 / All) butter15: we're on your side red
(45:55 / All) butter15: you can join our team. you won
(46:08 / All) Karatekas: thanks you guys
(46:12 / All) butter15: : - )